 Dungeon Sprint DCSS version 0.18-a0-1372-gd644665 (webtiles) character file.

209 namelastname112 the Demolition Demonspawn (level 7, -27/59 HPs)
             Began as a Demonspawn Gladiator on Feb 21, 2016.
             Was an Elder of Makhleb.
             Killed from afar by a green death (32 damage)
             ... with a poison arrow
             ... summoned by the player character
             ... in the Dungeon (Sprint VI: "Thunderdome").
             The game lasted 00:05:18 (687 turns).

namelastname112 the Demolition Demonspawn (DsGl)     Turns: 687, Time: 00:05:18

Health: -27/59     AC:  5    Str: 17    XL:     7   Next: 73%
Magic:  14/14      EV: 17    Int: 13    God:    Makhleb [****..]
Gold:   33         SH:  0    Dex: 17    Spells: 0 memorised, 6 levels left

rFire  + + .     SeeInvis .     a - +0 war axe
rCold  + + .     Gourm    .     b - +0 leather armour
rNeg   . . .     Faith    .     (no shield)
rPois  .         Spirit   .     c - +0 helmet
rElec  .         Dismiss  .     j - +0 cloak of Cimmusih {Dex+3} (curse)
rCorr  .         Reflect  .     (no gloves)
SustAt .         Harm     .     (no boots)
MR     ++...     NoTele   +     (no amulet)
Stlth  ++........               p - ring "Julobomm" {rC+ Int+4}
                                q - ring of Ysic {rC+ MR+}

@: lethally poisoned (-27 -> -48), very slightly contaminated, hasted, very
quick, very resistant to hostile enchantments, unstealthy
A: claws 1, fire resistance 2, magic resistance 1, spiny 1
a: Minor Destruction, Lesser Servant of Makhleb, Major Destruction, Renounce
Religion


You were in the Dungeon.
You worshipped Makhleb.
Makhleb was greatly pleased with you.
You were very hungry.

You visited 1 branch You collected 500 gold pieces.
You spent 467 gold pieces at shops.

Inventory:

Hand Weapons
 a - a +0 war axe (weapon)
Missiles
 d - 3 throwing nets (quivered)
Armour
 b - a +0 leather armour (worn)
 c - a +0 helmet (worn)
 j - the cursed +0 cloak of Cimmusih (worn) {Dex+3}
   (You bought it in a shop in the Dungeon)

   It affects your dexterity (+3).
   It has a curse placed upon it.
Jewellery
 p - the ring "Julobomm" (right claw) {rC+ Int+4}
   (You bought it in a shop in the Dungeon)

   [ring of protection from cold]

   It affects your intelligence (+4).
   It protects you from cold.
 q - the ring of Ysic (left claw) {rC+ MR+}
   (You bought it in a shop in the Dungeon)

   [ring of protection from magic]

   It protects you from cold.
   It affects your resistance to hostile enchantments.
Wands
 m - a wand of acid (2/15)
 n - a wand of iceblast (5/15)
Scrolls
 k - 2 scrolls of blinking
 o - 3 scrolls of fog
Potions
 g - a potion of heal wounds
 h - 3 potions of haste
 i - 2 potions of magic
 l - a potion of resistance
Comestibles
 f - a bread ration


   Skills:
 + Level 6.8 Fighting
 * Level 9.8 Axes
 - Level 3.1 Throwing
 - Level 0.1 Armour
 + Level 8.0 Dodging
 - Level 1.1 Stealth
 * Level 10.5 Invocations


You had 6 spell levels left.
You didn't know any spells.

Dungeon Overview and Level Annotations

Branches:
Dungeon (1/1)

Altars:
Cheibriados
Dithmenos
Fedhas
Gozag
Kikubaaqudgha
Makhleb
Okawaru
Pakellas
Qazlal
Ru
Sif Muna
Trog
Vehumet
Xom
Yredelemnul
Zin
The Shining One
Jiyva
Lugonu

Shops:
D *[%??*?*:[((!!!!

Annotations:
D Lernaean hydra


Innate Abilities, Weirdness & Mutations

You have sharp fingernails.
Your flesh is very heat resistant.
You are partially covered in sharp spines.
You are resistant to hostile enchantments.


Message History

Press: ? - help, Shift-Dir - straight line, f/p - 27-headed Lernaean hydra
Aim: the 27-headed Lernaean hydra (heavily wounded)
The fireball explodes!
The fireball engulfs the 27-headed Lernaean hydra.
The 27-headed Lernaean hydra is heavily wounded.
The fireball engulfs the seven-headed hydra.
The seven-headed hydra is lightly wounded.
You are feeling very hungry.
Press: ? - help, Shift-Dir - straight line, f/p - 27-headed Lernaean hydra
Aim: the 27-headed Lernaean hydra (heavily wounded)
The bolt of negative energy hits the 27-headed Lernaean hydra.
The 27-headed Lernaean hydra is drained!
The 27-headed Lernaean hydra is severely wounded.
The bolt of negative energy hits the green death.
The green death completely resists.
You feel somewhat more hungry.
You don't have enough health at the moment.
The green death gestures at you. The poison arrow hits you!
You are lethally poisoned!
Ouch! That really hurt!
You die...

#........_# #_......._#
###.........###
#⌠.%.(.......⌠#
###.8.....2.D.8.######
._......###.%D...___∩##
......8.# #.8........∩###
.2."....###.............##
...D.###(..###..@.......⌠#
.....# #.<.# #..........⌠#
†....###...###..........⌠#
.)......###.............##
...(..8.# #.8........∩###
_.......###......__.∩##
###.8.........8.######
#§...........⌠#
###.........###


You could see the 27-headed Lernaean hydra, a seven-headed hydra and a green
death.

Vanquished Creatures
  3 porcupines (D)
  A sky beast (D)
  3 river rats (D)
  6 kobolds (D)
  2 quokkas (D)
  3 rats (D)
18 creatures vanquished.

Vanquished Creatures (collateral kills)
  A spriggan (D)
  2 insubstantial wisps (D)
  3 sky beasts (D)
  A wasp (D)
7 creatures vanquished.

Grand Total: 25 creatures vanquished

Notes
Turn   | Place    | Note
--------------------------------------------------------------
     0 | D        | namelastname112 the Demonspawn Gladiator began the quest for the Orb.
     0 | D        | Reached XP level 1. HP: 16/16 MP: 1/1
     3 | D        | Found an oddly glowing altar of Pakellas.
     3 | D        | Found a glowing silver altar of Zin.
     4 | D        | Found a blossoming altar of Fedhas.
     4 | D        | Found a snail-covered altar of Cheibriados.
     5 | D        | Found a deep blue altar of Sif Muna.
     5 | D        | Round 1.
     6 | D        | Found a shadowy altar of Dithmenos.
     6 | D        | Found Cyununk's Staff Store.
     6 | D        | Found Miwudgh's Magic Scroll Shop.
     7 | D        | Noticed a porcupine
     7 | D        | Found Asat's Must-Have Magic.
     7 | D        | Found Gaer's Magic Scroll Shop.
     9 | D        | Found a burning altar of Makhleb.
    12 | D        | Found a stormy altar of Qazlal.
    12 | D        | Found a radiant altar of Vehumet.
    13 | D        | Found Atheih's Bee Food.
    13 | D        | Found a sacrificial altar of Ru.
    13 | D        | Found Plog's Identification Station.
    14 | D        | Found Arear's Jewellery.
    14 | D        | Found Ikuemapp's Advanced Armour.
    18 | D        | Became a worshipper of Makhleb the Destroyer
    20 | D        | Found a glowing golden altar of the Shining One.
    20 | D        | Found a shimmering altar of Xom.
    20 | D        | Found an iron altar of Okawaru.
    21 | D        | Found an ancient bone altar of Kikubaaqudgha.
    21 | D        | Found an opulent altar of Gozag.
    21 | D        | Found a basalt altar of Yredelemnul.
    21 | D        | Found Nosmamn's Premium Goods.
    21 | D        | Found Gicavuwu's Weapon Rack.
    22 | D        | Found Ehourch's Miscellaneous Merchandise.
    22 | D        | Found Litielef's Basic Armour.
    33 | D        | Killed a porcupine
    33 | D        | Reached skill level 3 in Fighting
    33 | D        | Reached skill level 5 in Axes
    33 | D        | Reached skill level 5 in Dodging
    33 | D        | Reached skill level 1 in Stealth
    33 | D        | Gained mutation: You have sharp fingernails. [demonic ancestry]
    33 | D        | Reached XP level 2. HP: 21/24 MP: 2/2
    33 | D        | Gained mutation: You are partially covered in sharp spines. [demonic ancestry]
    33 | D        | Reached XP level 3. HP: 25/29 MP: 3/3
    33 | D        | Reached XP level 4. HP: 30/35 MP: 4/4
    35 | D        | Reached * piety under Makhleb
    40 | D        | Found a corrupted altar of Lugonu.
    41 | D        | Found a viscous altar of Jiyva.
    62 | D        | Found a bloodstained altar of Trog.
    62 | D        | Found Erahis's Distillery.
    64 | D        | Found Ulef's Distillery.
    64 | D        | Found Zopsynuu's Bottled Wisdom.
    64 | D        | Found Fecaschof's Do-It-Yourself Clinic.
   105 | D        | Reached skill level 6 in Axes
   111 | D        | Reached ** piety under Makhleb
   182 | D        | Arena points: 6 (+6) [x1]
   197 | D        | Round 2.
   203 | D        | Noticed a porcupine
   212 | D        | Bought a fine sapphire amulet for 45 gold pieces
   212 | D        | Bought a glittering silver ring for 45 gold pieces
   212 | D        | Bought a translucent lead ring for 45 gold pieces
   212 | D        | Identified the amulet of the Oligarchy {Inacc rC+ Str-2 Stlth+} (You bought it in a shop in the Dungeon)
   213 | D        | Identified the ring of Ysic {rC+ MR+} (You bought it in a shop in the Dungeon)
   214 | D        | Identified the ring "Julobomm" {rC+ Int+4} (You bought it in a shop in the Dungeon)
   218 | D        | Killed a porcupine
   218 | D        | Reached skill level 7 in Axes
   218 | D        | Gained mutation: Your flesh is heat resistant. [demonic ancestry]
   218 | D        | Reached XP level 5. HP: 33/43 MP: 4/8
   241 | D        | Noticed a porcupine
   247 | D        | Killed a porcupine
   247 | D        | Reached skill level 5 in Fighting
   247 | D        | Reached XP level 6. HP: 24/51 MP: 7/10
   252 | D        | Reached *** piety under Makhleb
   303 | D        | Reached **** piety under Makhleb
   303 | D        | Arena points: 34 (+28) [x2]
   373 | D        | Round 3.
   374 | D        | Noticed a sky beast
   375 | D        | Noticed an insubstantial wisp
   381 | D        | Noticed a sky beast
   382 | D        | Noticed an insubstantial wisp
   383 | D        | Noticed a sky beast
   388 | D        | Killed a sky beast
   388 | D        | Reached skill level 8 in Axes
   389 | D        | Noticed a sky beast
   398 | D        | Killed a sky beast
   398 | D        | Killed a sky beast
   398 | D        | Reached skill level 9 in Invocations
   398 | D        | Reached XP level 7. HP: 14/58 MP: 11/13
   415 | D        | Gained mutation: Your flesh is very heat resistant. [mutagenic meat]
   416 | D        | Gained mutation: You are resistant to hostile enchantments. [mutagenic meat]
   434 | D        | Arena points: 97 (+63) [x3]
   434 | D        | Reached skill level 10 in Invocations
   459 | D        | Round 4.
   470 | D        | Reached ***** piety under Makhleb
   590 | D        | Arena points: 209 (+112) [x4]
   633 | D        | Bought a warped cloak for 332 gold pieces
   638 | D        | Identified the cursed +0 cloak of Cimmusih {Dex+3} (You bought it in a shop in the Dungeon)
   647 | D        | Round 5.
   656 | D        | Noticed a spriggan rider
   663 | D        | Killed a spriggan
   664 | D        | Noticed the 27-headed Lernaean hydra
   666 | D        | Noticed a seven-headed hydra
   668 | D        | Noticed a green death
   687 | D        | Killed from afar by a green death

Vault maps used:
D:        arena_sprint

Action                   |  1- 3 |  4- 6 |  7- 9 || total
-------------------------+-------+-------+-------++-------
Melee: War axe           |     2 |    23 |     2 ||    27
Throw: Throwing net      |     2 |       |       ||     2
Invok: Minor Destruction |       |     1 |    10 ||    11
       Lesser Servant of |       |     2 |       ||     2
       Greater Servant o |       |       |     3 ||     3
       Major Destruction |       |       |     2 ||     2
Evoke: Wand              |       |       |     3 ||     3
  Use: Potion            |     3 |       |     3 ||     6
       Scroll            |     1 |       |     1 ||     2
 Stab: Held in net/web   |     1 |       |       ||     1
  Eat: Chunk             |       |       |     2 ||     2
